 Dungeon Crawl Stone Soup version 0.32-a0-798-gfa783ce77f (webtiles) character file.

Game seed: 8240533143483214724

51 Revguard the Trooper (level 3, -3/29 HPs)
             Began as a Demonspawn Fighter on Mar 21, 2024.
             Slain by a gnoll
             ... wielding a +2 halberd of flaming
              (4 damage)
             ... on level 2 of the Dungeon.
             The game lasted 00:04:26 (1847 turns).

Revguard the Trooper (Demonspawn Fighter)           Turns: 1847, Time: 00:04:26

Health: -3/29      AC:  6    Str: 18    XL:     3   Next: 57%
Magic:  3/3        EV:  8    Int:  8    God:
Gold:   74         SH:  4    Dex: 12    Spells: 2/2 levels left

rFire   . . .        a - +0 war axe
rCold   . . .        c - +0 buckler
rNeg    . . .        b - +0 scale mail
rPois   .            (no helmet)
rElec   .            (no cloak)
rCorr   .            (no gloves)
SInv    .            (no boots)
Will    .....        (no amulet) Stlth
                     (no ring)
HPRegen 0.24/turn    (no ring)
MPRegen 0.08/turn

%: no passive effects
@: mighty
A: demonic guardian 1, powered by death 1
a: no special abilities


You were on level 2 of the Dungeon.
You visited 1 branch of the dungeon, and saw 2 of its levels.

You collected 74 gold pieces.

Inventory:

Hand Weapons
 a - a +0 war axe (weapon)
Armour
 b - a +0 scale mail (worn)
 c - a +0 buckler (worn)
Scrolls
 f - a scroll of poison {unknown}
 h - 2 scrolls of identify {unknown}
 i - a scroll of noise {unknown}
 k - 2 scrolls of teleportation {unknown}
 m - a scroll of enchant armour {unknown}
 o - a scroll of amnesia {unknown}
 p - a scroll of immolation {unknown}
Potions
 e - a potion of curing {unknown}
 g - a potion of brilliance {unknown}
 j - 2 potions of enlightenment {unknown}
 l - a potion of cancellation {unknown}
 n - a potion of mutation {unknown}


   Skills:
 + Level 3.3 Fighting
 + Level 2.1 Axes
 + Level 2.9 Armour
 + Level 0.7 Dodging
 + Level 2.9 Shields
 + Level 1.3 Invocations
 + Level 1.0 Evocations


You had 2 spell levels left.
You didn't know any spells.
Your spell library contained the following spells:

 Spells                   Type           Power      Damage    Failure   Level
 Haunt                    Necr/Summ      0%         N/A       100%        7
 Borgnjor's Revivificati  Necr           0%         N/A       100%        8
 Death's Door             Necr           0%         N/A       100%        9


Dungeon Overview and Level Annotations

Branches:
Dungeon (2/15)

Altars:


Innate Abilities, Weirdness & Mutations

A weak demonic guardian rushes to your aid.
You regenerate a little health from kills.


Message History

Your shadow imp barely misses the gnoll.
Your shadow imp hits the gnoll.
You see here a +0 falchion.
You slash the gnoll!
You kill the gnoll!
The gnoll closely misses your shadow imp.
Your shadow imp barely misses the gnoll.
Your Evocations skill increases to level 1!
The gnoll barely misses your shadow imp.
Your shadow imp completely misses the gnoll.
The gnoll hits your shadow imp with a +0 spear.
Your shadow imp hits the gnoll.
The gnoll closely misses your shadow imp.
Your shadow imp hits the gnoll.
The gnoll hits your shadow imp with a +0 spear.
Your shadow imp hits the gnoll.
The gnoll barely misses your shadow imp.
Your shadow imp completely misses the gnoll.
Things that are here:
a +0 whip; a +0 falchion; a gnoll corpse The gnoll hits your shadow imp with a +0 spear.
Your shadow imp dies!
Your shadow imp disappears in a puff of smoke!
You block the gnoll's attack. You block the gnoll's attack.
The gnoll barely misses you.
You slash the gnoll!
You kill the gnoll!
The gnoll barely misses you.
The gnoll hits you from afar with a +2 halberd of flaming.
The gnoll burns you.
The gnoll hits you with a +2 halberd of flaming!
* * * LOW HITPOINT WARNING * * *
A demonic guardian appears!
The gnoll burns you.
* * * LOW HITPOINT WARNING * * *
Things that are here:
a +0 spear; a gnoll corpse You slash the gnoll!
The gnoll is severely wounded.
The gnoll hits you with a +2 halberd of flaming.
You die...

....# ......# ....# ######
...:..# ....# #....# ......#
....# #....# ##.....># ....#
#.[..# #####g......#
<...###....# #...g.......#
.....##....# #g######.####
.†......#### #g# #.#
##.##....##### #@# #.#
#.##.##.....# #5# #.#
#.##.######.###.## #.# #.##.#
#......#####.# #..#.#
#####........## ##...#
#...#####...#
###..#########.####.....#####
.##.##..............###.....#
.##.#..######.#########.....#


You could see 2 gnolls and a friendly ufetubus (summoned).

Vanquished Creatures
  2 gnolls (D:2)
  An adder (D:2)
  3 endoplasms
  A giant cockroach (D:1)
  3 goblins (D:2)
  A quokka (D:1)
  5 ball pythons
  3 bats
  2 frilled lizards (D:2)
  2 kobolds
  3 rats
26 creatures vanquished.

Notes
Turn   | Place    | Note
-------+----------+-------------------------------------------
     0 | D:1      | Revguard the Demonspawn Fighter began the quest for the
                  | Orb.
     0 | D:1      | Reached XP level 1. HP: 18/18 MP: 1/1
   840 | D:1      | Gained mutation: A weak demonic guardian rushes to your
                  | aid. [demonic ancestry]
   840 | D:1      | Reached XP level 2. HP: 24/24 MP: 2/2
  1442 | D:2      | Reached skill level 1 in Invocations
  1551 | D:2      | Gained mutation: You regenerate a little health from kills.
                  | [demonic ancestry]
  1551 | D:2      | Reached XP level 3. HP: 15/29 MP: 3/3
  1834 | D:2      | Reached skill level 1 in Evocations
  1846 | D:2      | HP: 1/29 [gnoll/+2 halberd of flaming (1)]
  1847 | D:2      | Slain by a gnoll

Illustrated notes

Levels and vault maps discovered:
D:1:      giann_wishing_wells, layout_basic, serial_forest,
          infiniplex_forest_end_1, infiniplex_forest_fountain,
          infiniplex_forest_clump_curved, infiniplex_forest_diagonal,
          infiniplex_forest_lined_2, infiniplex_forest_end_double,
          infiniplex_forest_straight_5, minmay_octomino_j4
D:2:      layout_rooms

Skill      XL: |  1  2  3 |
---------------+----------+-----
Axes           | 2 |  2.1
Invocations    | 1 |  1.3
Evocations     | 1 |  1.0
Fighting       | |  3.3
Armour         | |  2.9
Dodging        | |  0.7
Shields        | |  2.9

Action                     || total
---------------------------++-------
  Melee: War axe           ||    65
    Use: Potion            ||     1
 Armour: Scale mail        ||    69
  Dodge: Dodged            ||    42
  Block: Buckler           ||    17

Table legend: (Time is in decaauts)
 A = Elapsed time spent in this place.
 B = Non-inter-level travel time spent in this place.
 C = Inter-level travel time spent in this place.
 D = Time resting spent in this place.
 E = Time spent auto-exploring this place.
 F = Levels seen in this place.
 G = Mean time per level.
                   A        B        C        D        E       F      G
               +--------+--------+--------+--------+--------+-----+--------+
         Total |   1875 |   1821 |     54 |      0 |   1541 |   2 |  937.5 |
       Dungeon |   1875 |   1821 |     54 |      0 |   1541 |   2 |  937.5 |
               +--------+--------+--------+--------+--------+-----+--------+

Top non-repeatable levels by time:
     D:1: 1346 daAuts
     D:2: 529 daAuts
